 Seeded DCSS version 0.31-a0-544-gceb718ecc6 (webtiles) character file.

Game seed: 3826825538972431165 (custom seed)

3 innerfire43 the Ruffian (level 1, 13/17 HPs)
             Began as a Gnoll Shapeshifter on Aug 15, 2023.
             Got out of the dungeon alive.
             The game lasted 00:00:25 (76 turns).

innerfire43 the Ruffian (Gnoll Shapeshifter)          Turns: 76, Time: 00:00:25

Health: 13/17      AC:  2    Str: 14    XL:     1   Next: 50%
Magic:  1/1        EV: 13    Int:  7    God:
Gold:   0          SH:  0    Dex: 12    Spells: 0/0 levels left

rFire   . .          .
                       - Unarmed
rCold   . . .        (no shield)
rNeg    . . .        a - +0 animal skin
rPois   .            (helmet currently unavailable)
rElec   .            (cloak currently unavailable)
rCorr   .            (gloves currently unavailable)
SInv    .            (boots currently unavailable)
Will    .....        (no amulet)
Stlth   +            (no ring)
HPRegen 0.22/turn    (no ring)
MPRegen 0.07/turn

%: no passive effects
@: beast-form
A: beast (slay +4), fangs 1, strong nose, distributed training
a: Begin Untransformation


You escaped.
You were a hulking beast.
You visited 1 branch of the dungeon, and saw 1 of its levels.

Inventory:

Armour
 a - a +0 animal skin (worn)
Talismans
 c - a beast talisman (active)
 d - a flux talisman
Scrolls
 e - a scroll of acquirement
 f - 2 scrolls of vulnerability {unknown}
Potions
 b - a potion of lignification


   Skills:
 + Level 2.3 Fighting
 + Level 0.0 Short Blades
 + Level 0.0 Long Blades
 + Level 0.0 Axes
 + Level 0.0 Maces & Flails
 + Level 0.0 Polearms
 + Level 0.0 Staves
 + Level 0.0 Ranged Weapons
 + Level 0.0 Throwing
 + Level 0.0 Armour
 + Level 4.4 Dodging
 + Level 0.0 Stealth
 + Level 0.0 Shields
 + Level 6.4 Unarmed Combat
 + Level 0.0 Spellcasting
 + Level 0.0 Conjurations
 + Level 0.0 Hexes
 + Level 0.0 Summonings
 + Level 0.0 Necromancy
 + Level 0.0 Translocations
 + Level 0.0 Transmutations
 + Level 0.0 Fire Magic
 + Level 0.0 Ice Magic
 + Level 0.0 Air Magic
 + Level 0.0 Earth Magic
 + Level 0.0 Poison Magic
 + Level 0.1 Invocations
 + Level 0.0 Evocations
 + Level 6.4 Shapeshifting


You couldn't memorise any spells.
You didn't know any spells.
Your spell library was empty.

Dungeon Overview and Level Annotations

Branches:
Dungeon (1/15)

Altars:


Innate Abilities, Weirdness & Mutations

You are a hulking beast.
Your limbs bulge with bestial killing power. (Slay +4)
You have very sharp teeth.
Your uncanny sense of smell can sniff out nearby items.
Your experience applies equally to all skills.


Message History

You hit the bat.
You kill the bat!
Things that are here:
a +0 dagger; a goblin corpse A nearby plant withers and dies.
f - a scroll labelled YDEX ANAPPA No target in view!
Key pressed, stopping explore.
No target in view!
A ball python comes into view.
No reachable target in view!
A ball python is nearby!
No reachable target in view!
A ball python is nearby!
No reachable target in view!
A ball python is nearby!
No reachable target in view!
The ball python hisses angrily.
You see here a scroll labelled YDEX ANAPPA.
The ball python completely misses you. The ball python closely misses you.
The ball python bites you. The ball python grabs you.
The ball python constricts you. The ball python bites you.
The ball python constricts you. The ball python bites you.
The ball python constricts you. The ball python barely misses you.
The ball python constricts you. The ball python barely misses you.
The ball python constricts you. The ball python closely misses you.
The ball python constricts you. The ball python bites you.
The ball python constricts you. The ball python barely misses you.
The ball python constricts you. The ball python bites you.
The ball python constricts you.
You hit the ball python.
You kill the ball python!
Found a stone staircase leading down.
You see here a ball python corpse.
You see here a ball python corpse.
f - 2 scrolls labelled YDEX ANAPPA (gained 1) This is a scroll of acquirement!
Unknown command.
There is a staircase leading out of the dungeon here.
You have escaped! .PPP.PPP.PPPPP.P#.# PP.PPP.P.PPP.PPP.PP..# PP.PP.PPP.PP.PP.PPP..# .....PPPPP.....PPPP#.# PP.PP.PPP.PP.PP.PPP..# PP.PPP.P.PPP.PPP.PP#.# PPP.PPP.PPP.PPPPP.P#.# PPPP.PP.PP.PPPPPP.P# # PPPPP..h..PPPPPPP.P# PPPPPPP.PPPPPPPPP.P# PPPPPPP.PPPPPPPPP.P# PPPPPP.P.PPPPPPP.PP# PPPPP.PPP.PPPPP.PPP##. .....PPPPP.....PPPP...# PPPPPPPPPPPP.PPPPPP#..# .............†....#...# ###...#####.........###

There were no monsters in sight!

Vanquished Creatures
  A bat (D:1)
  A goblin (D:1)
  A ball python (D:1)
3 creatures vanquished.

Notes
Turn   | Place    | Note
-------+----------+-------------------------------------------
     0 | D:1      | innerfire43 the Gnoll Shapeshifter began the quest for the
                  | Orb.
     0 | D:1      | Reached XP level 1. HP: 17/17 MP: 1/1
    68 | D:1      | Identified a scroll of acquirement
    76 | D:$      | Got out of the dungeon alive.

Illustrated notes

Levels and vault maps discovered:
D:1:      roderic_crop_circles_arrival_large, layout_basic

Action                     || total
---------------------------++-------
  Melee: Unarmed           ||     7
 Armour: Animal skin       ||     3
  Dodge: Dodged            ||    12

Table legend: (Time is in decaauts)
 A = Elapsed time spent in this place.
 B = Non-inter-level travel time spent in this place.
 C = Inter-level travel time spent in this place.
 D = Time resting spent in this place.
 E = Time spent auto-exploring this place.
 F = Levels seen in this place.
 G = Mean time per level.
                   A        B        C        D        E       F      G
               +--------+--------+--------+--------+--------+-----+--------+
         Total |     74 |     67 |      7 |      0 |     29 |   1 |   74.0 |
       Dungeon |     74 |     67 |      7 |      0 |     29 |   1 |   74.0 |
               +--------+--------+--------+--------+--------+-----+--------+

Top non-repeatable levels by time:
     D:1: 74 daAuts
